Winsalot, neutral female gnomish Healer ---------------- . |..............| |..............| |..............| #-..............| ### ###---------------- oo ##@W###)####### ### # Winsalot the Rhizotomist Experience level: 1 Strength: 8 Dexterity: 8 Constitution: 15 Intelligence: 12 Wisdom: 18 Charisma: 17 Health: 0(19) Energy: 6(6) Def: 7 Gold: 2106 Moves: 1287 Dungeon seed: fYs8g-8i0V3xEEMN Game ID: Winsalot_1527868265 Your Inventory: Coins $ - 2106 gold pieces Weapons a - a blessed +0 scalpel (weapon in hand) w - an uncursed +0 dwarvish spear Armor e - an uncursed +1 pair of leather gloves (being worn) q - a cursed +0 pair of water walking boots (being worn) r - an uncursed +0 orcish chain mail (being worn) Comestibles k - 3 blessed eucalyptus leaves Scrolls m - 2 uncursed scrolls of identify n - a cursed scroll of confuse monster Potions c - 4 uncursed potions of healing d - 4 uncursed potions of extra healing Wands f - a blessed wand of sleep (0:6) B - a blessed wand of nothing (0:8) Tools b - an uncursed stethoscope l - an uncursed oil lamp (0:1340) Spells and supernatural/magical abilities: Name Level Category Cost Memory h - healing 1 healing 7pw 99% x - extra healing 3 healing 75pw 99% S - stone to flesh 3 healing 187pw 99% W - pray for help -- divine ? -- Your skills at the end: Fighting Skills wands [Basic] Weapon Skills knife [Basic] Spellcasting Skills healing spells [Basic] Final Attributes: You were devoutly aligned. You were immune to poison. You had infravision. You could walk on water. Hermes was noncommittal. You are dead. Vanquished creatures: a dust vortex a homunculus a large kobold a red mold 2 jackals a goblin a grid bug a bat 2 lichens 3 newts 14 creatures vanquished. Voluntary challenges: You followed a strict vegan diet. You were an atheist. You used a wielded weapon 32 times, starting on turn 92. You read items or engraved 14 times, starting on turn 150. You never genocided any monsters. You never polymorphed an object. You never changed form. You used no wishes. You never split a pudding. You never wrote Elbereth's name. You never violated your personal moral code. Dungeon overview: The Dungeons of Doom: levels 1 to 9 Level 1 a fountain, a vault a long staircase Level 2 a vault Level 3 a vault Level 4 a long staircase Level 5 a sink Level 6 Level 7 Level 9 <- You were here History has recorded: On T:1 you entered the Dungeons of Doom to retrieve the Amulet of Yendor! On T:327 you reached level 2 of The Dungeons of Doom. On T:644 you reached level 3 of The Dungeons of Doom. On T:899 you reached level 4 of The Dungeons of Doom. On T:1077 you reached level 5 of The Dungeons of Doom. On T:1139 you reached level 6 of The Dungeons of Doom. On T:1171 you reached level 7 of The Dungeons of Doom. On T:1220 you reached level 9 of The Dungeons of Doom. On T:1261 you advanced to experience level 2. Score breakdown: Gold: 890 (10034 points) Experience: 1 level ( 0 points) Exploration: 9 levels ( 17.31%) (11881 points) Discoveries: 1 item ( 0.34%) ( 1743 points) Valuables value: (no points given unless you survive) Artifact value: 0 ( 0 points) Variety of kills: 10 monsters ( 2.63%) ( 4866 points) Turncount: 1287 turns ( 0 points) Survival: died (score multiplied by 80%) Total score: 22819 Latest messages: [4 turns] You hit the barrow wight. The barrow wight swings his long sword at you. The barrow wight hits! (2x) You miss the barrow wight. The barrow wight swings his long sword at you. The barrow wight hits! (2x) The sleep ray hits the barrow wight! The barrow wight doesn't feel sleepy. You hear a blast. The barrow wight swings his long sword at you. The barrow wight misses. The barrow wight hits! You miss the barrow wight. The barrow wight casts a spell! The sleep ray hits you! The sleep ray hits the hill orc! (2x) The barrow wight swings his long sword at you. The barrow wight hits! Goodbye level 2. The barrow wight just misses! The barrow wight swings his long sword at you. The barrow wight hits! (2x) You die... Final status: Goodbye Winsalot the Healer, killed by a barrow wight, while sleeping... You died in The Dungeons of Doom on dungeon level 9 with 22819 points, and 2106 pieces of gold, after 1287 moves. You were level 1 with a maximum of 19 hit points when you died.